 Dungeon Crawl Stone Soup version 0.21.1-1-g345015fe64 (webtiles) character file.

7053 Gargoyl the Protected (level 10, -2/84 HPs)
             Began as a Centaur Abyssal Knight on Mar 12, 2018.
             Was the Champion of Lugonu.
             Slain by a salamander (shapeshifter) (10 damage)
             ... on level 10 of the Dungeon.
             The game lasted 00:22:27 (11489 turns).

Gargoyl the Protected (Centaur Abyssal Knight)     Turns: 11489, Time: 00:22:28

Health: -2/84      AC: 20    Str: 16    XL:     10   Next: 83%
Magic:  15/15      EV:  2    Int: 11    God:    Lugonu [******]
Gold:   629        SH:  0    Dex: 11    Spells: 9/9 levels left

rFire    . . .     SeeInvis .   e - +5 hand axe of the Equator {elec, rElec rPois Stlth-}
rCold    . . .     Gourm    .   (no shield)
rNeg     . . .     Faith    .   s - +0 plate armour
rPois    +         Spirit   .   (no helmet)
rElec    +         Reflect  .   (no cloak)
rCorr    .         Harm     .   k - +1 pair of gloves
MR       +....                  f - +1 centaur barding
Stlth    ..........             (no amulet)
HPRegen  0.24/turn              i - ring of poison resistance
MPRegen  0.14/turn              w - ring of protection from magic

@: very quick
A: large, hooves 3, deformed body, speed 2, tough skin 3
a: Depart the Abyss, Bend Space, Banish, Corrupt, Enter the Abyss, Brand Weapon
With Distortion, Renounce Religion


You were on level 10 of the Dungeon.
You worshipped Lugonu.
Lugonu was exalted by your worship.
You were hungry.

You visited 1 branch of the dungeon, and saw 10 of its levels.
You visited the Abyss 1 time.

You collected 629 gold pieces.

Inventory:

Hand Weapons
 a - a +1 hand axe
 e - the +5 hand axe of the Equator (weapon) {elec, rElec rPois Stlth-}
   (You found it on level 4 of the Dungeon)

   Occasionally, upon striking a foe, it will discharge some electrical energy
   and cause terrible harm.
   It insulates you from electricity.
   It protects you from poison.
   It makes you less stealthy.
Missiles
 q - 6 tomahawks
 r - 4 tomahawks of returning (quivered)
Armour
 f - a +1 centaur barding (worn)
 k - a +1 pair of gloves (worn)
 s - a +0 plate armour (worn)
Jewellery
 i - a ring of poison resistance (left hand)
 w - a ring of protection from magic (right hand)
Wands
 d - a wand of paralysis (15)
 p - a wand of digging (21)
Scrolls
 b - a scroll of identify
 m - 2 scrolls of teleportation
 o - 3 scrolls of remove curse
 z - a scroll of fog
 D - a scroll of fear
Potions
 g - 5 potions of lignification
 h - a potion of cancellation
 j - 3 potions of heal wounds
 l - 2 potions of agility {unknown}
 n - 2 potions of flight {unknown}
 t - a potion of mutation {unknown}
 u - a potion of curing
 v - a potion of invisibility {unknown}
 x - a potion of brilliance {unknown}
 A - a potion of resistance
 C - 2 potions of ambrosia {unknown}
Books
 y - a book of Cantrips

   Spells                             Type                      Level
   a - Confusing Touch                Hexes                        1
   b - Animate Skeleton               Necromancy                   1
   c - Summon Small Mammal            Summoning                    1
   d - Apportation                    Translocation                1
Comestibles
 c - 16 rations


   Skills:
 + Level 6.6 Fighting
 + Level 8.1 Axes
   Level 2.3(2.5) Slings
 + Level 1.2(2.0) Throwing
 * Level 8.2 Armour
 + Level 1.7 Dodging
 * Level 7.8 Invocations


You had 9 spell levels left.
You didn't know any spells.

Dungeon Overview and Level Annotations

Branches:
Dungeon (10/15)            Temple (0/1) D:5             Orc (0/2) D:9
   Lair: D:8-11

Altars:
Ashenzari
Cheibriados
Dithmenos
Makhleb
Nemelex Xobeh
Okawaru
Xom
Yredelemnul
Zin

Shops:
D:9 (


Innate Abilities, Weirdness & Mutations

You have hooves in place of feet.
Armour fits poorly on your strangely shaped body.
You cover ground very quickly.
You have extremely tough skin. (AC +3)


Message History

There is a stone staircase leading up, spattered with blood here.
You see here 2 large rocks.
You hit the cyclops. You kick the cyclops.
The cyclops is lightly wounded.
You hit the salamander.
Lightning courses through the salamander!
The salamander hits you.
You are engulfed in flames!
The cyclops hits you!!
* * * LOW HITPOINT WARNING * * *
Unknown command.
You hit the cyclops but do no damage.
The cyclops is lightly wounded.
You hit the salamander but do no damage.
The salamander hits you but does no damage.
You hit the cyclops. Lightning courses through the cyclops!
The cyclops is heavily wounded.
You hit the salamander but do no damage.
The cyclops hits you!
* * * LOW HITPOINT WARNING * * *
The salamander hits you!
You die...

# .. #### # ...
..# .#
....###N###.#
.......@....#
...##.C.#.#######
...#......#....#
.............##.##
...######........#
... ##..#.######
### # 8+8 #.(.(#
##8###⌠# #. #$##
#÷..(###....... #.
#..
#.#...#8.......


You could see a salamander shaped shifter and a cyclops.

Vanquished Creatures
  Pikel (D:3)
  The ghost of DildoBatman the Jinx, a novice FoEn of Sif Muna (D:7)
  A gargoyle (D:8)
  Grinder (D:3)
  The ghost of Fuxmar the Covered, an amateur GrFi (D:4)
  6 yaks
  A wraith (D:9)
  A basilisk (D:9)
  2 two-headed ogre zombies (D:9)
  A vampire mosquito (D:9)
  6 orc warriors
  A sky beast (D:6)
  2 ice beasts
  5 phantoms
  2 ogres
  6 centaurs
  A big kobold (D:7)
  3 bullfrogs
  A gnoll sergeant (D:9)
  Dowan (D:4)
  4 scorpions
  A troll zombie (D:9)
  2 crimson imps
  A quasit (D:9)
  5 orc priests
  5 hounds
  2 jellies
  3 bullfrog skeletons
  9 orc wizards
  A centaur skeleton (D:8)
  An iguana (D:4)
  6 worker ants
  Terence (D:2)
  A killer bee zombie (D:7)
  5 ogre zombies (D:9)
  A hound skeleton (D:8)
  A hound zombie (D:6)
  A howler monkey zombie (D:7)
  3 worker ant zombies
  A howler monkey skeleton (D:6)
  13 adders
  4 gnolls (D:9)
  A shadow imp (D:10)
  A white imp (Abyss:1)
  8 worms
  4 dart slugs
  9 leopard geckos
  21 orcs
  7 giant cockroaches
  4 goblins
  7 hobgoblins
  13 jackals
  9 kobolds
  6 quokkas
  2 ball pythons (D:2)
  7 bats
  5 frilled lizards
  3 goblin skeletons (D:9)
  4 goblin zombies (D:9)
  A hobgoblin skeleton (D:9)
  5 hobgoblin zombies (D:9)
  A jackal skeleton (D:5)
  A jackal zombie (D:5)
  4 orc skeletons (D:9)
  8 orc zombies (D:9)
  A quokka zombie (D:4)
  22 rats
269 creatures vanquished.

Vanquished Creatures (others)
  A slave (D:4)
  Duvessa (D:4)
  A phantom (D:5)
  A black bear (D:9)
  A bullfrog (D:4)
  A scorpion (D:4)
  2 adders (D:4)
  A worm (D:4)
  2 orcs (D:4)
  A giant cockroach (D:4)
  A ball python (D:4)
13 creatures vanquished.

Grand Total: 282 creatures vanquished

Notes
Turn   | Place    | Note
-------+----------+-------------------------------------------
     0 | Abyss:1  | Gargoyl the Centaur Abyssal Knight began the quest for the Orb.
     0 | Abyss:1  | Reached XP level 1. HP: 19/19 MP: 2/2
     2 | Abyss:1  | Found a sacrificial altar of Ru.
    88 | Abyss:1  | Noticed a small abomination
    89 | Abyss:1  | Noticed a ynoxinul
    95 | Abyss:1  | Noticed a wretched star
   151 | Abyss:2  | Noticed a thrashing horror
   153 | D:1      | Escaped the Abyss
   495 | D:1      | Found a shattered altar of Ashenzari.
   507 | D:1      | Reached XP level 2. HP: 21/26 MP: 3/3
   810 | D:1      | Reached * piety under Lugonu
   862 | D:1      | Reached XP level 3. HP: 30/31 MP: 4/4
  1389 | D:2      | Reached ** piety under Lugonu
  1428 | D:2      | Reached XP level 4. HP: 37/38 MP: 5/5
  1678 | D:2      | Noticed Terence
  1704 | D:2      | Killed Terence
  2082 | D:3      | Reached XP level 5. HP: 44/46 MP: 7/7
  2180 | D:3      | Reached skill level 1 in Dodging
  2499 | D:3      | Noticed Grinder
  2507 | D:3      | Paralysed by Grinder for 3 turns
  2514 | D:3      | Reached *** piety under Lugonu
  2550 | D:3      | Killed Grinder
  2550 | D:3      | Reached XP level 6. HP: 29/52 MP: 8/8
  3378 | D:4      | Noticed a slave
  3379 | D:4      | Noticed Pikel
  3379 | D:4      | Noticed a slave
  3379 | D:4      | Noticed a slave
  3380 | D:4      | Noticed a slave
  3381 | D:4      | Noticed Duvessa
  3791 | D:3      | Killed Pikel
  3791 | D:3      | Reached XP level 7. HP: 30/60 MP: 8/10
  3829 | D:4      | Killed Duvessa
  3840 | D:4      | Noticed Dowan
  3850 | D:4      | Killed Dowan
  3893 | D:4      | Noticed Fuxmar's ghost (amateur GrFi)
  3923 | D:4      | Got a sapphire hand axe
  3924 | D:4      | Identified the +5 hand axe of the Equator {elec, rElec rPois Stlth-} (You found it on level 4 of the Dungeon)
  4092 | D:4      | Killed Fuxmar's ghost
  4092 | D:4      | Reached skill level 5 in Axes
  4092 | D:4      | Reached XP level 8. HP: 16/67 MP: 11/11
  4337 | D:4      | Found a glowing silver altar of Zin.
  4845 | D:4      | Got a warped hunting sling
  4846 | D:4      | Identified the +4 hunting sling of Battle {venom, rN+ Str+4 Int-2 Dex+3} (You found it on level 4 of the Dungeon)
  5100 | D:5      | Entered Level 5 of the Dungeon
  5138 | D:5      | Reached skill level 5 in Fighting
  5244 | D:5      | Reached skill level 5 in Armour
  5348 | D:5      | Found a burning altar of Makhleb.
  5364 | D:5      | Reached skill level 1 in Slings
  5464 | D:5      | Reached **** piety under Lugonu
  5795 | D:5      | Found a staircase to the Ecumenical Temple.
  6021 | D:5      | Found a sparkling altar of Nemelex Xobeh.
  6098 | D:5      | Reached skill level 5 in Invocations
  6216 | D:6      | Found a snail-covered altar of Cheibriados.
  6426 | D:6      | Found a basalt altar of Yredelemnul.
  6515 | D:6      | Reached XP level 9. HP: 74/74 MP: 13/13
  6854 | D:6      | Found a snail-covered altar of Cheibriados.
  6982 | D:7      | Found a shadowy altar of Dithmenos.
  7423 | D:7      | Reached ***** piety under Lugonu
  7693 | D:7      | Found a snail-covered altar of Cheibriados.
  7696 | D:7      | Found an iron altar of Okawaru.
  7699 | D:7      | Found a shimmering altar of Xom.
  7855 | D:7      | Noticed DildoBatman's ghost (novice FoEn)
  7893 | D:7      | Killed DildoBatman's ghost
  8574 | D:8      | Reached XP level 10. HP: 77/83 MP: 13/15
  8708 | D:8      | Noticed a gargoyle
  8722 | D:8      | Killed a gargoyle
  9971 | D:9      | Found Tubrulo's Weapon Shoppe.
 10414 | D:9      | Found a staircase to the Orcish Mines.
 10775 | D:10     | Entered Level 10 of the Dungeon
 10856 | D:10     | Reached skill level 1 in Throwing
 10892 | D:10     | Reached ****** piety under Lugonu
 11117 | D:10     | Noticed a cyclops
 11119 | D:10     | Noticed an orb spider
 11142 | D:10     | an orb spider changed into a polar bear
 11390 | D:10     | Noticed a salamander
 11390 | D:10     | a polar bear changed into a salamander
 11489 | D:10     | Slain by a salamander (shapeshifter)

Skill      XL: |  1  2  3  4  5  6  7  8  9 10 |
---------------+-------------------------------+-----
Axes           | 2 3 4 5 7 8 |  8.1
Armour         | 2 3 4 5 7 8 |  8.2
Dodging        | 1 |  1.7
Invocations    | 3 4 5 6 7 |  7.8
Fighting       | 4 5 6 |  6.6
Slings         | 2 |  2.3
Throwing       | 1 |  1.2

Action                   |  1- 3 |  4- 6 |  7- 9 | 10-12 || total
-------------------------+-------+-------+-------+-------++-------
Melee: Hand axe          |    97 |   219 |   288 |   208 ||   812
       Kick              |    16 |    32 |    61 |    54 ||   163
       Unarmed           |       |       |    13 |       ||    13
 Fire: Hunting sling     |       |       |    47 |       ||    47
Throw: Tomahawk          |       |       |       |    13 ||    13
Invok: Depart the Abyss  |     1 |       |       |       ||     1
       Banish            |       |       |       |     1 ||     1
  Use: Scroll            |     3 |     3 |     3 |     3 ||    12
       Potion            |     1 |     3 |       |       ||     4
  Eat: Chunk             |     1 |     3 |    13 |     8 ||    25
       Ration            |       |     1 |       |       ||     1
Armor: Chain mail        |   104 |   204 |    96 |       ||   404
       Leather armour    |     4 |       |       |       ||     4
       Skin              |       |     9 |     8 |       ||    17
       Plate armour      |       |       |   124 |   204 ||   328
Dodge: Dodged            |    17 |    24 |    38 |    29 ||   108
